 Dungeon Crawl Stone Soup version 0.21-a0-442-g848f44b (webtiles) character file.

4113 mieszko the Carver (level 10, -8/72 HPs)
             Began as a Formicid Abyssal Knight on Nov 13, 2017.
             Was a High Priest of Lugonu.
             Mangled by a two-headed ogre
             ... wielding a +0 giant club
              (20 damage)
             ... on level 9 of the Dungeon.
             The game lasted 00:26:01 (12395 turns).

mieszko the Carver (Formicid Abyssal Knight)       Turns: 12395, Time: 00:26:02

Health: -8/72      AC: 13    Str: 21    XL:     10   Next: 51%
Magic:  0/12       EV:  9    Int: 13    God:    Lugonu [*****.]
Gold:   479        SH:  7    Dex: 15    Spells: 9/9 levels left

rFire    . . .     SeeInvis +   a - +1 falchion
rCold    . . .     Gourm    .   z - +1 buckler
rNeg     . . .     Faith    .   s - +0 chain mail
rPois    +         Spirit   +   (helmet unavailable)
rElec    .         Reflect  .   v - +0 cloak
rCorr    .         Harm     .   (no gloves)
MR       +....                  J - +0 pair of boots of the Heavens {rPois Stlth+}
Stlth    ..........             y - amulet of guardian spirit
HPRegen  0.22/turn              o - +5 ring of dexterity
MPRegen  0.13/turn              (no ring)

@: no status effects
A: permanent stasis, dig shafts and tunnels, four strong arms, antennae 3,
hooves 1, frail 1, strong 1
a: Dig, Shaft Self, Depart the Abyss, Bend Space, Banish, Corrupt, Enter the
Abyss, Renounce Religion


You were on level 9 of the Dungeon.
You worshipped Lugonu.
Lugonu was extremely pleased with you.
You were not hungry.

You visited 1 branch of the dungeon, and saw 9 of its levels.
You visited the Abyss 1 time.
You also visited: Sewer.

You collected 501 gold pieces.
You spent 22 gold pieces at shops.

Inventory:

Hand Weapons
 a - a +1 falchion (weapon)
 n - a +1 short sword of venom
 p - a +1 short sword of draining
 A - a +2 vampiric dagger
Missiles
 w - 43 bolts
Armour
 g - a +0 plate armour
 s - a +0 chain mail (worn)
 v - a +0 cloak (worn)
 z - a +1 buckler (worn)
 J - the +0 pair of boots of the Heavens (worn) {rPois Stlth+}
   (You found it on level 8 of the Dungeon)

   It protects you from poison.
   It makes you more stealthy.
Magical Staves
 e - an uncursed staff of conjuration {unknown}
Jewellery
 b - an uncursed amulet of harm
 o - a +5 ring of dexterity (left hand)
 y - an amulet of guardian spirit (around neck)
Wands
 i - a wand of enslavement (10/24)
 j - a wand of iceblast (0/15)
 E - a wand of iceblast (0/15)
Scrolls
 d - 5 scrolls of teleportation
 f - 2 scrolls of noise
 h - a scroll of fog
 t - 4 scrolls of remove curse
 F - 2 scrolls of identify
 G - a scroll of recharging
Potions
 m - 2 potions of curing
 r - 2 potions of brilliance
 u - 2 potions of flight {unknown}
 B - 2 potions of haste {unknown}
 H - 2 potions of berserk rage {unknown}
Books
 I - a book of Conjurations

   Spells                             Type                      Level
   a - Magic Dart                     Conjuration                  1
   b - Searing Ray                    Conjuration                  2
   c - Dazzling Spray                 Conjuration/Hexes            3
   d - Fulminant Prism                Conjuration/Hexes            4
   e - Force Lance                    Conjuration/Translocation    4
   f - Iskenderun's Mystic Blast      Conjuration                  4
Comestibles
 c - 5 bread rations
 k - 7 chunks of flesh
 l - 5 meat rations
 x - 2 royal jellies
 D - 3 fruits


   Skills:
 + Level 7.9 Fighting
 + Level 8.6 Long Blades
 + Level 7.5 Armour
 + Level 3.0 Dodging
 + Level 2.9 Stealth
 * Level 6.2 Shields
 + Level 2.4 Invocations
 + Level 3.0 Evocations


You had 9 spell levels left.
You didn't know any spells.

Dungeon Overview and Level Annotations

Branches:
Dungeon (9/15)             Temple (0/1) D:6            Lair (0/6) D:8
    Orc: D:9-12

Altars:
Ashenzari
Elyvilon
Kikubaaqudgha
Makhleb
Nemelex Xobeh
Qazlal
Sif Muna
Trog
Uskayaw
Xom
Yredelemnul

Shops:
D:4 *


Innate Abilities, Weirdness & Mutations

You cannot be hasted, slowed, berserked, paralysed or teleported.
You can dig through walls and to a lower floor.
Your four strong arms can wield two-handed weapons with a shield.
You have a pair of large antennae on your head. (SInv)
You have large cloven feet.
You are frail. (-10% HP)
Your muscles are strong. (Str +2)


Message History

Aiming: Iceblast (will waste charges)
Press: ? - help, Shift-Dir - straight line, f - two-headed ogre
Aim: a two-headed ogre, wielding two giant clubs The mass of ice explodes!
The iceblast engulfs the two-headed ogre.
The two-headed ogre is moderately wounded.
Evoking this partially-identified wand wasted a few charges.
Evoke which item? (* to show all) (? for menu, Esc to quit)
Aiming: Iceblast (will waste charges)
Press: ? - help, Shift-Dir - straight line, f/p - two-headed ogre
Aim: a two-headed ogre, wielding two giant clubs (moderately wounded) Nothing appears to happen.
The two-headed ogre hits you with a giant club!
You block the two-headed ogre's attack.
You hit the two-headed ogre but do no damage.
The two-headed ogre is moderately wounded.
The two-headed ogre hits you with a giant club!!
* * * LOW HITPOINT WARNING * * *
The two-headed ogre hits you with a giant club!!
You die...

....#### .#.##
.##### .....# .###.#
#+ .###.# #. ..##.#
#. ######.# #.##.#
##.###......#
#.##.######...##@###
........##.......O.#
###..#.#.##....#.#.#
# #......###.#.#.#.#
# #....#.#####.#.#.#
...##..............#
### ################


You could see a two-headed ogre.

Vanquished Creatures
  A cyclops (D:8)
  An elephant (D:8)
  A hippogriff (D:8)
  Sigmund (D:4)
  The ghost of newuser the Bolt Thrower, an amateur BaHu (D:4)
  Menkaure (D:6)
  An orc warrior (D:9)
  An ice beast (D:8)
  2 phantoms
  3 ogres
  A centaur (D:6)
  3 crocodiles
  A big kobold (D:8)
  Blork the orc (D:6)
  A bullfrog (D:6)
  A gnoll sergeant (D:6)
  A water moccasin zombie (D:6)
  2 scorpions (D:5)
  2 howler monkeys
  2 bullfrog zombies
  A bullfrog skeleton (D:4)
  2 gnoll shamans (D:6)
  An orc priest (D:5)
  Crazy Yiuf (D:3)
  A centaur skeleton (D:9)
  5 iguanas
  9 orc wizards
  5 worker ants
  A killer bee zombie (D:5)
  A hound skeleton (D:5)
  A worker ant zombie (D:6)
  Robin (D:3)
  A howler monkey zombie (D:3)
  19 gnolls
  18 adders
  4 shadow imps
  2 oozes
  An adder zombie (D:7)
  2 worms (D:3)
  4 dart slugs
  4 leopard geckos
  25 orcs
  2 ball pythons
  8 giant cockroaches
  18 goblins
  15 hobgoblins
  10 jackals
  4 quokkas
  9 bats
  9 frilled lizards
  20 kobolds
  A quokka skeleton (D:4)
  6 rats
239 creatures vanquished.

Vanquished Creatures (others)
  A plant (Sewer)
1 creature vanquished.

Grand Total: 240 creatures vanquished

Notes
Turn   | Place    | Note
-------+----------+-------------------------------------------
     0 | Abyss:1  | mieszko the Formicid Abyssal Knight began the quest for the Orb.
     0 | Abyss:1  | Reached XP level 1. HP: 18/18 MP: 2/2
     8 | D:1      | Escaped the Abyss
   123 | D:1      | Reached XP level 2. HP: 17/24 MP: 3/3
   578 | D:1      | Reached XP level 3. HP: 28/30 MP: 4/4
  1234 | D:2      | Reached ** piety under Lugonu
  1663 | D:2      | Reached skill level 1 in Dodging
  1663 | D:2      | Reached XP level 4. HP: 24/37 MP: 5/5
  2300 | D:2      | Reached skill level 3 in Long Blades
  2645 | D:3      | Reached XP level 5. HP: 37/43 MP: 6/6
  2655 | D:3      | Reached skill level 1 in Stealth
  2865 | D:3      | Reached *** piety under Lugonu
  2995 | D:3      | Found a glowing drain.
  3002 | Sewer    | Entered a sewer
  3272 | Sewer    | HP: 2/43 [poisoned by a kobold]
  3279 | Sewer    | HP: 1/43 [poisoned by a kobold]
  3280 | Sewer    | Gained mutation: You are frail. (-10% HP) [potion of mutation]
  3280 | Sewer    | Gained mutation: You have large cloven feet. [potion of mutation]
  3280 | Sewer    | Gained mutation: Your muscles are strong. (Str +2) [potion of mutation]
  4436 | Sewer    | Reached XP level 6. HP: 43/44 MP: 7/7
  4988 | D:3      | Noticed Robin
  5004 | D:3      | Killed Robin
  5087 | D:3      | Reached skill level 1 in Evocations
  5228 | D:3      | Found a runed door.
  5229 | D:3      | Noticed Crazy Yiuf
  5232 | D:3      | Killed Crazy Yiuf
  5232 | D:3      | Reached skill level 4 in Long Blades
  5441 | D:3      | Found a shattered altar of Ashenzari.
  5701 | D:4      | Reached **** piety under Lugonu
  5710 | D:4      | Noticed Sigmund
  5717 | D:4      | Noticed newuser's ghost (amateur BaHu)
  5720 | D:4      | Killed Sigmund
  5720 | D:4      | Reached skill level 5 in Fighting
  5720 | D:4      | Reached skill level 5 in Long Blades
  5720 | D:4      | Reached XP level 7. HP: 28/50 MP: 8/8
  5732 | D:4      | Killed newuser's ghost
  5741 | D:4      | Found Toon's Assorted Antiques.
  5753 | D:4      | Bought a dark potion for 22 gold pieces
  6271 | D:4      | Reached XP level 8. HP: 36/57 MP: 9/9
  6531 | D:4      | Found a deep blue altar of Sif Muna.
  6900 | D:5      | Entered Level 5 of the Dungeon
  6906 | D:5      | Reached skill level 6 in Long Blades
  7367 | D:5      | Reached skill level 5 in Armour
  7799 | D:5      | Reached XP level 9. HP: 63/63 MP: 11/11
  8192 | D:6      | Reached skill level 1 in Shields
  8219 | D:6      | Noticed Blork the orc
  8226 | D:6      | Killed Blork the orc
  8226 | D:6      | Reached skill level 7 in Long Blades
  8555 | D:6      | Found a bloodstained altar of Trog.
  8593 | D:6      | Noticed Menkaure
  8602 | D:6      | Killed Menkaure
  9448 | D:6      | Found a staircase to the Ecumenical Temple.
  9491 | D:6      | Reached ***** piety under Lugonu
  9960 | D:7      | Found a stormy altar of Qazlal.
 10379 | D:7      | Found a sparkling altar of Nemelex Xobeh.
 10722 | D:7      | Found a burning altar of Makhleb.
 10888 | D:8      | Found a white marble altar of Elyvilon.
 11055 | D:8      | Found a hide-covered altar of Uskayaw.
 11073 | D:8      | Reached XP level 10. HP: 58/71 MP: 9/12
 11126 | D:8      | Found a basalt altar of Yredelemnul.
 11227 | D:8      | Found a glowing golden altar of the Shining One.
 11227 | D:8      | Found a stormy altar of Qazlal.
 11229 | D:8      | Found a blossoming altar of Fedhas.
 11231 | D:8      | Found a blossoming altar of Fedhas.
 11231 | D:8      | Found a shimmering altar of Xom.
 11231 | D:8      | Found an ancient bone altar of Kikubaaqudgha.
 11380 | D:8      | Got a pair of ichor-stained boots
 11381 | D:8      | Noticed an elephant
 11400 | D:8      | Reached skill level 8 in Long Blades
 11438 | D:8      | Killed an elephant
 11438 | D:8      | Reached skill level 5 in Shields
 11597 | D:8      | Found a staircase to the Lair.
 11603 | D:8      | Identified the cursed +0 pair of boots of the Heavens {rPois Stlth+} (You found it on level 8 of the Dungeon)
 11739 | D:8      | Noticed a cyclops
 11791 | D:8      | Killed a cyclops
 12392 | D:9      | Noticed a two-headed ogre
 12395 | D:9      | Mangled by a two-headed ogre

Vault maps used:
D:1:      dpeg_arrival_chambers_temple_mockup, minmay_misc_feat_roman
D:2:      minmay_diamond_boxcup
D:3:      overflow_temple_1_default, cheibrodos_sewer_entry_sluice,
          uniq_crazy_yiuf_cottage, uniq_robin
D:4:      led_sif_book, first_bread, serial_shops, shop,
          minmay_misc_feat_square, uniq_sigmund
D:6:      lemuel_crystal_altar, temple_doors_e, uniq_blork_the_orc,
          uniq_menkaure
D:7:      lemuel_ice_spiral_2, overflow_temple_1_default, lemuel_doored_altar,
          kennysheep_mini
D:8:      eat_drink_and_be_merry_uskayaw, elyvilon_altar_4, doesnt_xom_only_xom,
          old_standard_altar, david_lair_generic
D:9:      nicolae_gozag_seed_capital, hiddenorc2_lemuel
Sewer:    sewer_co_scattered_pipes

Skill      XL: |  1  2  3  4  5  6  7  8  9 10 |
---------------+-------------------------------+-----
Fighting       | 4 5 6 7 |  7.9
Dodging        | 1 2 3 |  3.0
Long Blades    | 3 5 6 7 8 |  8.6
Stealth        | 1 2 |  2.9
Armour         | 3 5 7 |  7.5
Evocations     | 1 2 3 |  3.0
Shields        | 4 6 |  6.2
Invocations    | |  2.4

Action                   |  1- 3 |  4- 6 |  7- 9 | 10-12 || total
-------------------------+-------+-------+-------+-------++-------
Melee: Falchion          |   106 |   281 |   427 |   171 ||   985
       Kick              |       |    31 |   182 |    50 ||   263
 Abil: Dig               |       |     7 |     4 |     3 ||    14
Evoke: Wand              |       |    11 |     3 |     3 ||    17
  Use: Scroll            |     6 |     2 |    11 |     2 ||    21
       Potion            |       |     3 |     3 |     5 ||    11
 Stab: Sleeping          |       |     3 |       |       ||     3
  Eat: Chunk             |     2 |    11 |    10 |     3 ||    26
       Bread ration      |       |     1 |     1 |       ||     2
       Meat ration       |       |       |     1 |       ||     1
Armor: Leather armour    |    38 |    53 |       |       ||    91
       Chain mail        |       |    25 |   191 |    47 ||   263
       Skin              |       |       |    29 |     3 ||    32
Dodge: Dodged            |    71 |   202 |   158 |    55 ||   486
Block: Buckler           |       |       |    59 |    43 ||   102
       Rpst.: Falchion   |    22 |    62 |    36 |    12 ||   132

Table legend:
 A = Spawn XP
 B = Non-spawn XP
 C = Spawn XP percentage of total XP
 D = Spawn monster count
 E = Non-spawn monster count
 F = Spawn count percentage of total count
 G = Total turns spent on level
                    A         B        C        D         E        F      G
               +---------+---------+-------+---------+---------+-------+---------
         Total |       0 |    5876 |   0.0 |       0 |     239 |   0.0 | 12395
               +---------+---------+-------+---------+---------+-------+---------
           D:1 |       0 |      46 |   0.0 |       0 |      24 |   0.0 |  1150
           D:2 |       0 |      76 |   0.0 |       0 |      22 |   0.0 |  1403
           D:3 |       0 |     266 |   0.0 |       0 |      55 |   0.0 |  1347
           D:4 |       0 |     933 |   0.0 |       0 |      22 |   0.0 |  1236
           D:5 |       0 |     640 |   0.0 |       0 |      27 |   0.0 |  1272
           D:6 |       0 |    1204 |   0.0 |       0 |      37 |   0.0 |  1781
           D:7 |       0 |     438 |   0.0 |       0 |       7 |   0.0 |   931
           D:8 |       0 |    1904 |   0.0 |       0 |      21 |   0.0 |  1332
           D:9 |       0 |     305 |   0.0 |       0 |       6 |   0.0 |   179
         Sewer |       0 |      64 |   0.0 |       0 |      18 |   0.0 |  1756
               +---------+---------+-------+---------+---------+-------+---------
